 Dungeon Crawl Stone Soup version 0.31-a0-435-g2c6fae2916 (webtiles) character file.

Game seed: 14368875251070314779

2024 Grim the Blocker (level 9, -16/66 HPs)
             Began as a Formicid Fighter on Aug 1, 2023.
             Was an Initiate of Okawaru.
             Killed from afar by Joseph (20 damage)
             ... with a bolt of dispelling energy
             ... on level 7 of the Dungeon.
             The game lasted 00:09:59 (6468 turns).

Grim the Blocker (Formicid Fighter)                 Turns: 6468, Time: 00:10:00

Health: -16/66     AC: 12    Str: 25    XL:     9   Next: 47%
Magic:  7/9        EV: 12    Int:  8    God:    Okawaru [......]
Gold:   355        SH: 13    Dex: 21    Spells: 8/8 levels left

rFire   + . .        n - +7 dire flail of Wastrotwui {elec, *Rage rPois rCorr Dex+2}
rCold   . . .        c - +0 buckler
rNeg    . . .        G - +0 chain mail
rPois   +            (helmet unavailable)
rElec   .            B - +0 cloak
rCorr   +            (no gloves)
SInv    +            (no boots)
Will    .....        r - amulet of reflection
Stlth   +            g - +6 ring of dexterity
HPRegen 0.31/turn    z - ring of protection from fire
MPRegen 0.11/turn

%: reflection
@: heroic
A: permanent stasis, dig shafts and tunnels, antennae 3, four strong arms
a: Dig, Shaft Self, Renounce Religion


You were on level 7 of the Dungeon.
You worshipped Okawaru.
Okawaru was noncommittal.
You visited 2 branches of the dungeon, and saw 8 of its levels.
You also visited: Sewer.

You collected 355 gold pieces.

Inventory:

Hand Weapons
 n - the +7 dire flail of Wastrotwui (weapon) {elec, *Rage rPois rCorr Dex+2}
   (You found it on level 2 of the Dungeon)

   Dex:       It affects your dexterity (+2).
   rPois:     It protects you from poison.
   *Rage:     It berserks you when you make melee attacks (+20% chance).
   rCorr:     It protects you from acid and corrosion.
 u - a +2 battleaxe of venom
Armour
 c - a +0 buckler (worn)
 B - a +0 cloak (worn)
 G - a +0 chain mail (worn)
Jewellery
 g - a +6 ring of dexterity (left hand)
 r - an amulet of reflection (around neck)
 v - a ring of flight
 z - a ring of protection from fire (right hand)
 F - a ring of wizardry
 H - a ring of ice
Wands
 b - a wand of roots (4)
 E - a wand of flame (29)
Scrolls
 a - 2 scrolls of silence {unknown}
 f - a scroll of amnesia {unknown}
 h - 2 scrolls of noise {unknown}
 i - 2 scrolls of immolation {unknown}
 j - 6 scrolls of identify {unknown}
 m - a scroll of fog {unknown}
 o - a scroll of brand weapon {unknown}
 p - 2 scrolls of blinking {unknown}
 s - a scroll of vulnerability {unknown}
 t - a scroll of poison {unknown}
 w - 3 scrolls of enchant armour {unknown}
 y - 2 scrolls of fear {unknown}
 C - 2 scrolls of teleportation {unknown}
 I - a scroll of butterflies {unknown}
Potions
 d - a potion of might
 e - 2 potions of ambrosia {unknown}
 k - 3 potions of haste {unknown}
 l - 2 potions of brilliance {unknown}
 q - 3 potions of curing {unknown}
 x - a potion of heal wounds {unknown}
 A - a potion of mutation {unknown}
 D - a potion of attraction {unknown}


   Skills:
 + Level 4.7(9.7) Fighting
 * Level 8.9(14.3) Axes
 - Level 3.9(11.9) Maces & Flails
 - Level 3.2(8.2) Armour
 - Level 9.0(14.0) Shields


You had 8 spell levels left.
You didn't know any spells.
Your spell library contained the following spells:

 Spells                   Type           Power      Damage    Failure   Level
 Shock                    Conj/Air       0%         1d3       91%         1
 Ozocubu's Armour         Ice            0%         N/A       99%         3
 Airstrike                Air            0%         2d(0-16)  100%        4
 Ozocubu's Refrigeration  Ice            0%         4d7       100%        7
 Swiftness                Air            Unusable   N/A       N/A         3

Dungeon Overview and Level Annotations

Branches:
Dungeon (7/15)             Temple (1/1) D:6           Sewer (visited)

Altars:
Ashenzari
Dithmenos
Elyvilon
Gozag
Hepliaklqana
Kikubaaqudgha
Makhleb
Nemelex Xobeh
Okawaru
Qazlal
Ru
Sif Muna
Trog
Uskayaw
Vehumet
Xom
Yredelemnul
Zin

Shops:
D:2 :   D:3 *   D:7 *

Annotations:
D:3 3 runed translucent doors, Stonecrops's ghost, amateur DsGl
D:5 2 transporters
D:7 Joseph


Innate Abilities, Weirdness & Mutations

You cannot be hasted, slowed, berserked, paralysed or teleported.
You can dig through walls and to a lower floor.
You have a pair of large antennae on your head. (SInv)
Your four strong arms can wield two-handed weapons with a shield.


Message History

Joseph shoots a sling bullet.
The sling bullet hits you!
* * * LOW HITPOINT WARNING * * *
The kobold brigand hits you with a +0 short sword.
* * * LOW HITPOINT WARNING * * *
There is an open door here.
You sock the kobold brigand!
The kobold brigand is heavily wounded.
The kobold brigand hits you but does no damage.
You feel very mighty all of a sudden. The kobold brigand barely misses you.
You block the kobold brigand's attack.
You puncture the kobold brigand!
The kobold brigand is almost dead.
You block the kobold brigand's attack.
You gain the combat prowess of a mighty hero.
You can no longer gain great but temporary skills.
You block the kobold brigand's attack.
You thump the kobold brigand!
You kill the kobold brigand!
Okawaru accepts your kill.
Unknown command.
You bludgeon Joseph!!
Joseph is moderately wounded.
Joseph zaps a wand.
The bolt of dispelling energy hits you!
Your magical effects are unravelling.
* * * LOW HITPOINT WARNING * * *
You barely miss Joseph.
Joseph is moderately wounded.
You feel a little less mighty now.
Joseph says, "You will never get the ORB, sorry."
Joseph unwields a +0 sling.
Joseph wields a +0 quarterstaff.
Joseph hits you with a +0 quarterstaff.
* * * LOW HITPOINT WARNING * * *
You hit Joseph.
Joseph is moderately wounded.
You hit Joseph.
Joseph is moderately wounded.
Joseph zaps a wand.
The bolt of dispelling energy hits you!!
You die...

## ###### .# #....#
######## .# #....#
#......# .# #....#
#..@...# .# #....#
#......# .# #....#
#......# .# #....#
#.)....#
.######....########)######
........####.>..@#.......#
.#....#....#.....@......)#
.#....#....'.....#.......#
.#....#....#.....#.......#
##....##..##.##..#.......#
.......#####'##..#.......#
.......#.........#########
...[...#..........#
.......#..........#


You could see Joseph.

Vanquished Creatures
  Prince Ribbit (D:6)
  Eustachio (D:6)
  An orc warrior (D:6)
  A sky beast (D:7)
  A black bear (D:5)
  3 ogres
  2 bullfrogs (Sewer)
  A kobold brigand (D:7)
  4 scorpions
  A howler monkey (D:6)
  3 hounds
  4 jellies
  2 orc priests
  An iguana (D:7)
  Crazy Yiuf (D:6)
  A scorpion zombie (D:3)
  2 orc wizards
  2 hound zombies (D:3)
  9 adders
  A gnoll (D:1)
  2 river rats (D:3)
  2 shadow imps
  A white imp (D:6)
  An ufetubus (D:4)
  An adder zombie (D:3)
  A worm (D:2)
  3 dart slugs (D:2)
  7 orcs
  4 bats
  8 endoplasms
  17 giant cockroaches
  8 goblins
  7 hobgoblins
  7 kobolds
  8 quokkas
  6 ball pythons
  11 frilled lizards (Sewer)
  7 rats
143 creatures vanquished.

Vanquished Creatures (others)
  A kobold (D:7)
1 creature vanquished.

Grand Total: 144 creatures vanquished

Notes
Turn   | Place    | Note
-------+----------+-------------------------------------------
     0 | D:1      | Grim the Formicid Fighter began the quest for the Orb.
     0 | D:1      | Reached XP level 1. HP: 18/18 MP: 1/1
   163 | D:1      | Reached XP level 2. HP: 24/24 MP: 2/2
   202 | D:1      | Reached XP level 3. HP: 27/29 MP: 3/3
   623 | D:1      | Found a faded altar of an unknown god.
   810 | D:2      | Found a stormy altar of Qazlal.
   852 | D:2      | Reached XP level 4. HP: 24/35 MP: 4/4
   977 | D:2      | Found Enith's Vocational Training.
  1056 | D:2      | Reached skill level 5 in Shields
  1072 | D:2      | Identified the +7 dire flail of Wastrotwui {elec, *Rage
                  | rPois rCorr Dex+2}
  1612 | D:2      | Reached skill level 1 in Maces & Flails
  1840 | D:3      | Reached XP level 5. HP: 41/41 MP: 5/5
  1868 | D:3      | Found Lehy's General Store.
  2134 | D:3      | Found a glowing drain.
  2141 | Sewer    | Entered a sewer
  2177 | Sewer    | Reached XP level 6. HP: 46/47 MP: 6/6
  2314 | Sewer    | Reached skill level 6 in Shields
  2642 | D:3      | Reached XP level 7. HP: 52/52 MP: 7/7
  2688 | D:3      | Found a runed translucent gate.
  2689 | D:3      | Found a runed translucent gate.
  2689 | D:3      | Found a runed translucent gate.
  2691 | D:3      | Noticed Stonecrops's ghost (amateur DsGl)
  2717 | D:3      | Found a hazy altar of Hepliaklqana.
  3519 | D:4      | Found a shadowy altar of Dithmenos.
  3689 | D:4      | Found a broken altar of Ashenzari.
  3857 | D:4      | Found a glowing silver altar of Zin.
  3861 | D:4      | Found a bloodstained altar of Trog.
  3870 | D:4      | Found a stormy altar of Qazlal.
  3875 | D:4      | Found a sacrificial altar of Ru.
  3886 | D:4      | Found a basalt altar of Yredelemnul.
  3894 | D:4      | Found an opulent altar of Gozag.
  3899 | D:4      | Found a hide-covered altar of Uskayaw.
  4019 | D:5      | Entered Level 5 of the Dungeon
  4032 | D:5      | Found a burning altar of Makhleb.
  4103 | D:5      | Found a transporter.
  4134 | D:5      | Found an ancient bone altar of Kikubaaqudgha.
  4211 | D:5      | Reached skill level 5 in Axes
  4211 | D:5      | Reached skill level 7 in Shields
  4427 | D:5      | Found a transporter.
  4433 | D:5      | Reached XP level 8. HP: 57/58 MP: 8/8
  4695 | D:6      | Noticed Prince Ribbit
  4710 | D:6      | Killed Prince Ribbit
  4711 | D:6      | Reached skill level 8 in Shields
  4869 | D:6      | Noticed Eustachio
  4877 | D:6      | Killed Eustachio
  4915 | D:6      | Found a staircase to the Ecumenical Temple.
  4923 | Temple   | Entered the Ecumenical Temple
  4949 | Temple   | Became a worshipper of Warmaster Okawaru
  5082 | D:6      | Reached XP level 9. HP: 54/64 MP: 9/9
  5246 | D:6      | Reached skill level 9 in Shields
  5481 | D:6      | Found a runed translucent door.
  5482 | D:6      | Noticed Crazy Yiuf
  5487 | D:6      | Killed Crazy Yiuf
  5724 | D:6      | Reached * piety under Okawaru
  6361 | D:7      | Found Tacuism's General Store.
  6450 | D:7      | Noticed Joseph
  6466 | D:7      | HP: 3/66 [Joseph/+0 quarterstaff (1)]
  6468 | D:7      | Killed from afar by Joseph

Illustrated notes

Levels and vault maps discovered:
D:1:      psy_arrival_dodecagon, layout_loops_ring,
          chequers_ecumenical_altar_grove
D:2:      minmay_roachtagon, layout_basic, basic_altar, chequers_big_river,
          minmay_misc_feat_four_crosses, kennysheep_another_room,
          minmay_misc_feat_five, nicolae_shop_vocational
D:3:      layout_basic, lemuel_doored_altar, serial_shops,
          nicolae_shop_just_a_little_nook, ebering_ghost_rock_garden,
          portal_sewer_entry_e, serial_undead, serial_undead_c, serial_undead_c,
          serial_undead_a, serial_undead_e, grunt_ministairs_8
D:4:      layout_basic, lemuel_crystal_altar, nicolae_dithmenos_the_darkroom,
          grunt_temple_overflow_octagram, dreamdust_princess_bridge
D:5:      gammafunk_wand_slinger, layout_basic, kiku_gazebo_pond_becter,
          bloody_makhleb
D:6:      layout_gridville, minmay_temple_entry_drinking_statues,
          uniq_crazy_yiuf_cottage, uniq_eustachio, uniq_prince_ribbit1
D:7:      layout_gridville, serial_shops, kennysheep_mini_moat,
          palyth_stone_intersect, item_on_display_a, uniq_joseph
Temple:   nicolae_temple_bog_church

Skill      XL: |  1  2  3  4  5  6  7  8  9 |
---------------+----------------------------+-----
Axes           | 3 5 7 8 |  8.9
Shields        | 5 6 7 8 9 |  9.0
Maces & Flails | 1 2 3 |  3.9
Fighting       | 4 |  4.7
Armour         | |  3.2

Action                     |  1- 3 |  4- 6 |  7- 9 || total
---------------------------+-------+-------+-------++-------
  Melee: War axe           |    74 |    26 |       ||   100
         Dire flail        |       |   105 |   123 ||   228
 Invoke: Heroism           |       |       |     3 ||     3
    Use: Potion            |       |       |     1 ||     1
 Armour: Scale mail        |    34 |    48 |    15 ||    97
         Skin              |       |       |     1 ||     1
         Chain mail        |       |       |    11 ||    11
  Dodge: Dodged            |    30 |    38 |    27 ||    95
  Block: Buckler           |    21 |    79 |    57 ||   157
         Reflection        |       |       |     2 ||     2

Table legend: (Time is in decaauts)
 A = Elapsed time spent in this place.
 B = Non-inter-level travel time spent in this place.
 C = Inter-level travel time spent in this place.
 D = Time resting spent in this place.
 E = Time spent auto-exploring this place.
 F = Levels seen in this place.
 G = Mean time per level.
                   A        B        C        D        E       F      G
               +--------+--------+--------+--------+--------+-----+--------+
         Total |   6614 |   6428 |    186 |    513 |   4829 |   9 |  734.9 |
       Dungeon |   5936 |   5755 |    181 |    423 |   4485 |   7 |  848.0 |
        Temple |    132 |    127 |      5 |     90 |      0 |   1 |  132.0 |
         Sewer |    545 |    545 |      0 |      0 |    344 |   1 |  545.0 |
               +--------+--------+--------+--------+--------+-----+--------+

Top non-repeatable levels by time:
     D:2: 1077 daAuts
     D:6: 1021 daAuts
     D:3: 949 daAuts
     D:1: 807 daAuts
     D:4: 787 daAuts
     D:5: 676 daAuts
     D:7: 618 daAuts
   Sewer: 545 daAuts
  Temple: 132 daAuts
